 Dungeon Crawl Stone Soup version 0.23.2 (webtiles) character file.

Game seed: 1118351052740458026

44 Borgoz the Sneak (level 3, -2/28 HPs)
             Began as a Ghoul Enchanter on Apr 4, 2019.
             Slain by Terence
             ... wielding a +0 flail
              (4 damage)
             ... on level 3 of the Dungeon.
             The game lasted 00:04:01 (2039 turns).

Borgoz the Sneak (Ghoul Enchanter)                  Turns: 2039, Time: 00:04:02

Health: -2/28      AC:  6    Str: 11    XL:     3   Next: 60%
Magic:  4/4        EV: 10    Int: 10    God:
Gold:   42         SH:  0    Dex: 10    Spells: 4/5 levels left

rFire    . . .     SeeInvis .   e - +1 short sword
rCold    + . .     Gourm    .   (no shield)
rNeg     + + +     Faith    .   a - +1 ring mail
rPois    ∞         Spirit   .   (no helmet)
rElec    .         Reflect  .   (no cloak)
rCorr    .         Harm     .   (no gloves)
MR       .....                  (no boots)
Stlth    +.........             k - amulet of regeneration
HPRegen  0.00/turn              (no ring)
MPRegen  0.09/turn              (no ring)

@: rotting
A: rotting body, claws 1, carnivore, cold resistance 1, negative energy
resistance 3, inhibited regeneration, torment resistance, unbreathing
a: no special abilities


You were on level 3 of the Dungeon.
You were not hungry.

You visited 1 branch of the dungeon, and saw 3 of its levels.

You collected 42 gold pieces.

Inventory:

Hand Weapons
 e - a +1 short sword (weapon)
Missiles
 c - 2 tomahawks (quivered)
Armour
 a - a +1 ring mail (worn)
Jewellery
 j - an uncursed amulet of the gourmand
 k - an amulet of regeneration (around neck)
Comestibles
 d - 3 rations


   Skills:
 + Level 1.3 Fighting
 * Level 1.9 Short Blades
 + Level 1.0 Armour
 + Level 2.2 Dodging
 - Level 3.2 Stealth
 - Level 1.7 Spellcasting
 - Level 2.4 Hexes


You had 4 spell levels left.
You knew the following spells:

 Your Spells              Type           Power        Failure   Level  Hunger
a - Corona                Hex            #......      28%         1    ##.....

Your spell library contained the following spells:

 Spells                   Type           Power        Failure   Level  Hunger
 Ensorcelled Hibernation  Hex/Ice        #.....       56%         2    ###....
 Confuse                  Hex            #.......     63%         3    ####...
 Tukima's Dance           Hex            #.......     63%         3    ####...
 Dazzling Spray           Conj/Hex       #.....       80%         3    ####...


Dungeon Overview and Level Annotations

Branches:
Dungeon (3/15)

Altars:

Annotations:
D:3 Terence


Innate Abilities, Weirdness & Mutations

Your body is rotting away.
You thrive on raw meat.
You are immune to poison.
You have sharp fingernails.
You are carnivorous and can eat meat at any time.
Your flesh is cold resistant. (rC+)
You are immune to negative energy. (rN+++)
You do not regenerate when monsters are visible.
You are immune to unholy pain and torment.
You can survive without breathing.


Message History

You closely miss Terence.
Terence is almost dead.
Terence shouts, "Get ready for death!"
Terence barely misses you.
You hit Terence but do no damage.
Terence is almost dead.
Terence hits you with a +0 flail.
* * * LOW HITPOINT WARNING * * *
You closely miss Terence.
Terence is almost dead.
Terence hits you but does no damage.
You closely miss Terence.
Terence is almost dead.
Terence hits you but does no damage.
You hit Terence but do no damage.
Terence is almost dead.
You hit Terence but do no damage.
Terence is almost dead.
Terence hits you with a +0 flail.
You die...

..<........'..>......+
##.#...####.........#
#....## ##.......#
##.÷## ##.<...## #..#
##...## #.####..#
##+## #.......# #.#
######.###########.#
#.......@@g##.##
##########.#...##
#..........#
#.###.#...##
#.##..######
#.##........
#......##### ####..##
...#


You could see Terence and a goblin.

Vanquished Creatures
  A dart slug (D:1)
  3 orcs (D:2)
  A ball python (D:2)
  7 bats
  2 goblins (D:1)
  4 hobgoblins
  6 jackals (D:1)
  2 frilled lizards (D:1)
  2 kobolds
  9 rats
37 creatures vanquished.

Notes
Turn   | Place    | Note
-------+----------+-------------------------------------------
     0 | D:1      | Borgoz the Ghoul Enchanter began the quest for the Orb.
     0 | D:1      | Reached XP level 1. HP: 14/14 MP: 2/2
     2 | D:1      | Noticed a centaur
     4 | D:1      | Noticed a merfolk
     4 | D:1      | Noticed a demonspawn
     6 | D:1      | Noticed a dwarf
     8 | D:1      | Noticed a gargoyle
     8 | D:1      | Noticed a minotaur
    10 | D:1      | Noticed a demigod
    10 | D:1      | Noticed an octopode
    12 | D:1      | Noticed an elf
    14 | D:1      | Noticed a formicid
    14 | D:1      | Noticed a ghoul
    16 | D:1      | Noticed a spriggan
    16 | D:1      | Noticed a naga
    18 | D:1      | Noticed a troll
    20 | D:1      | Noticed a tengu
    20 | D:1      | Noticed a felid
    22 | D:1      | Noticed a vampire
    22 | D:1      | Noticed an ogre
    24 | D:1      | Noticed a draconian
    24 | D:1      | Noticed a human
    26 | D:1      | Noticed a halfling
    26 | D:1      | Noticed a vine stalker
    68 | D:1      | Reached skill level 1 in Short Blades
   266 | D:1      | Reached XP level 2. HP: 14/22 MP: 3/3
   660 | D:1      | HP: 1/22 [kobold/+0 short sword (3)]
  1048 | D:1      | Reached skill level 1 in Fighting
  1057 | D:1      | Reached XP level 3. HP: 19/28 MP: 4/4
  1467 | D:2      | Noticed a phantom
  1769 | D:2      | Reached skill level 1 in Armour
  1967 | D:3      | Noticed Terence
  2039 | D:3      | Slain by Terence

Skill      XL: |  1  2  3 |
---------------+----------+-----
Short Blades   | 1 |  1.9
Dodging        | 2 |  2.2
Fighting       | 1 |  1.3
Armour         | 1 |  1.0
Stealth        | |  3.2
Spellcasting   | |  1.7
Hexes          | |  2.4

Action                   || total
-------------------------++-------
Melee: Dagger            ||    68
       Short sword       ||   159
  Use: Scroll            ||     5
       Potion            ||     1
 Stab: Sleeping          ||     7
  Eat: Chunk             ||    18
Armor: Robe              ||    27
       Ring mail         ||    33
Dodge: Dodged            ||   154
